AoeStats
← Ux'RaúlME

Arabia

507211486Analyzed
1v1 RM · 16d ago on Sep 17, 2026· 22m 39s· 2 players
Game mode
Random Map
Map size
Tiny (2 player)
Population
200
Speed
Normal
Resources
Standard
Victory
Conquest
Starting age
Dark Age
Ending age
Imperial Age
RankedLock teamsTeams togetherTeam positionsShared explorationLock speedFull tech treeHidden civsTurbo modeCheats
Victory
Defeat
🇷🇸 Tatars · Serbia
1294
+20
🇲🇽 Franks · Mexico
1374
-20
Vacić
7:20 Loom
9:37 Feudal Age
10:14 Double-Bit Axe
14:14 Fletching
20:35 Castle Age
19:07 Horse Collar
19:18 Gold Mining
21:10 Bodkin Arrow
20:38 Crossbowman
Ux'RaúlME
6:53 Loom
9:34 Feudal Age
10:14 Double-Bit Axe
17:14 Fletching
22:56 Castle Age
21:09 Scale Barding Armor
21:14 Forging
22:24 Padded Archer Armor
Connection lost

Rejoining the realm…

Still unreachable

The connection could not be restored.

Session expired

The server has moved on; the page needs a fresh start.